Map: Pillars of Gold LE

Players

Serral - Winner!

  • Race: Zerg Zerg
  • Spawn Location: 7:00

PartinG

  • Race: Protoss Protoss
  • League: Grandmaster
  • Spawn Location: 1:00

Event: War Chest Team League

VOD

Have the link to the VOD?

Description

Time

  • Played on: Aug. 16, 2020, 9:55 a.m.
  • Length: 16:59
Show
View Real Time Build Order
Export as new Build Order

Serral Zerg - Winner!

Build Orders: Hatch First, Muta Ling Bane 

Get SALT Encoding   

  12  0:00  Drone  
  13  0:12  Overlord  
  13  0:18  Drone  
  14  0:32  Drone x2  
  16  0:50  Hatchery  
  16  0:53  Drone  
  16  0:56  Drone  
  17  1:00  Drone  
  18  1:10  Extractor  
  17  1:15  Spawning Pool  
  16  1:19  Drone  
  16  1:22  Drone  
  18  1:28  Drone  
  19  1:39  Drone  
  20  1:50  Drone  
  21  2:00  Overlord  
  21  2:02  Queen x2  
  21  2:03  Zergling x2  
  26  2:11  Drone  
  26  2:13  Drone  
  26  2:14  Metabolic Boost  
  28  2:22  Drone  
  29  2:24  Drone  
  30  2:32  Drone  
  30  2:34  Drone  
  32  2:40  Queen  
  32  2:41  Queen  
  36  2:46  Overlord  
  36  2:51  Overlord  
  36  3:04  Overlord  
  36  3:10  Drone x7  
  36  3:12  Drone  
  44  3:20  Lair  
  44  3:23  Drone x2  
  46  3:35  Hatchery  
  46  3:40  Roach Warren  
  44  3:44  Drone x2  
  44  3:46  Extractor  
  44  3:47  Drone  
  44  3:48  Drone  
  47  3:51  Overlord  
  47  3:55  Zergling x4  
  49  3:59  Zergling x4  
  50  4:05  Overlord  
  50  4:06  Zergling x2  
  51  4:15  Overlord  
  51  4:17  Zergling x6  
  51  4:20  Overseer  
  51  4:22  Glial Reconstitution  
  54  4:25  Zergling x6  
  54  4:26  Zergling x2, Overseer  
  58  4:37  Drone x2  
  58  4:38  Drone x2  
  62  4:43  Drone  
  63  4:48  Overlord, Queen  
  63  4:51  Extractor, Drone  
  65  4:53  Drone x3  
  65  4:55  Overlord  
  68  5:00  Roach x2  
  72  5:09  Roach x2  
  72  5:13  Drone  
  72  5:14  Drone x2  
  78  5:16  Drone  
  79  5:22  Drone  
  79  5:25  Drone x2  
  79  5:27  Drone  
  79  5:28  Drone  
  83  5:32  Extractor, Spire  
  83  5:34  Evolution Chamber  
  83  5:35  Drone x5  
  83  5:39  Drone x2  
  86  5:43  Drone  
  86  5:49  Extractor  
  87  5:50  Extractor, Drone x2  
  87  5:58  Overlord  
  87  6:02  Zerg Melee Weapons Level 1, Drone x5  
  87  6:03  Drone x4  
  96  6:09  Overlord  
  96  6:12  Overlord  
  96  6:21  Baneling Nest, Roach  
  96  6:22  Overlord  
  97  6:26  Roach x2  
  97  6:30  Hatchery  
  100  6:33  Roach x3  
  100  6:34  Roach  
  108  6:40  Overlord  
  108  6:42  Overlord  
  108  6:46  Mutalisk x3  
  108  6:47  Mutalisk  
  108  6:49  Mutalisk  
  118  6:55  Ravager x4  
  118  6:58  Overlord x2  
  118  7:00  Roach x2  
  126  7:04  Zergling x4, Ravager x2  
  130  7:09  Overlord x3  
  130  7:15  Centrifical Hooks  
  130  7:18  Ravager  
  130  7:21  Zergling x14  
  138  7:25  Baneling x5  
  138  7:32  Zergling x6  
  127  7:42  Zergling x22  
  135  7:44  Ravager  
  135  7:45  Ravager x2  
  136  7:53  Roach x4  
  136  7:55  Drone  
  136  7:56  Zerg Melee Weapons Level 2  
  143  8:00  Overlord  
  143  8:01  Drone  
  144  8:05  Baneling  
  144  8:06  Baneling x7  
  144  8:09  Drone x5  
  144  8:12  Baneling x4  
  149  8:18  Zergling x12  
  155  8:24  Drone x3  
  158  8:32  Drone x3  
  158  8:33  Drone x3  
  164  8:35  Ravager x3  
  164  8:36  Ravager  
  164  8:38  Hatchery  
  164  8:41  Zergling x8  
  171  8:42  Queen  
  171  8:47  Baneling  
  171  8:49  Baneling x11  
  171  8:59  Zergling x20  
  180  9:05  Extractor  
  179  9:14  Overlord x2  
  179  9:17  Infestation Pit  
  179  9:22  Evolution Chamber  
  177  9:26  Baneling x8  
  177  9:27  Baneling  
  177  9:28  Zergling x6, Roach x2  
  177  9:29  Hatchery  
  182  9:32  Baneling x12  
  180  9:40  Overseer  
  180  9:41  Pneumatized Carapace  
  177  9:47  Drone  
  177  9:48  Drone x4  
  177  9:51  Zerg Missile Weapons Level 1  
  182  9:53  Ravager x2  
  182  9:57  Queen  
  186  10:04  Overlord x2, Hive  
  186  10:05  Overseer  
  186  10:07  Zergling x22  
  197  10:16  Overlord  
  197  10:18  Overlord  
  197  10:20  Baneling x6, Spine Crawler, Spore Crawler  
  195  10:22  Drone x2  
  195  10:23  Drone x2  
  196  10:40  Baneling x9  
  194  10:47  Zergling x22  
  198  11:00  Baneling x12  
  198  11:01  Zergling x2  
  199  11:05  Overlord  
  199  11:08  Burrow  
  199  11:17  Adrenal Glands  
  199  11:18  Viper  
  197  11:28  Zergling x6  
  167  11:49  Zergling x2  
  167  11:50  Zergling x64  
  167  11:53  Zerg Melee Weapons Level 3, Zerg Ground Armor Level 1  
  199  11:56  Baneling x22  
  199  12:02  Overseer  
  199  12:09  Baneling x10  
  199  12:10  Baneling  
  199  12:13  Extractor  
  199  12:14  Spine Crawler  
  199  12:15  Drone x2  
  199  12:20  Greater Spire  
  199  12:26  Baneling x6  
  199  12:43  Baneling x11  
  199  12:44  Baneling x3  
  193  12:56  Zergling x14  
  178  13:19  Zergling x6  
  155  13:20  Zergling x52  
  155  13:23  Zergling x2  
  155  13:24  Zergling x36  
  189  13:28  Baneling x13  
  189  13:32  Baneling x2  
  189  13:34  Zergling x2  
  189  13:35  Zergling x18  
  189  13:38  Zerg Flyer Weapons Level 1  
  189  13:39  Baneling x25  
  189  13:40  Baneling x5  
  199  13:43  Extractor  
  199  13:44  Drone  
  199  13:45  Spine Crawler, Spore Crawler  
  199  13:47  Drone  
  199  13:48  Overseer, Spine Crawler, Drone  
  198  13:54  Overseer  
  198  13:57  Drone  
  195  14:24  Zergling x58  
  168  14:32  Zergling x20  
  168  14:38  Roach x2  
  168  14:41  Roach  
  168  14:42  Roach x2  
  168  14:43  Baneling  
  168  14:44  Baneling x20  
  168  14:45  Baneling x3  
  165  14:47  Zergling x16  
  173  14:53  Drone x3  
  173  14:56  Baneling x25  
  176  15:01  Zergling x16  
  184  15:07  Ravager x5  
  152  15:14  Zergling x30  
  152  15:19  Roach x4  
  161  15:22  Baneling x2  
  161  15:23  Baneling x12  
  161  15:25  Zergling x2, Roach x2  
  161  15:26  Zergling x2, Roach  
  158  15:35  Zergling x2  
  158  15:36  Zergling x16  
  158  15:42  Zergling x12  
  165  15:46  Zergling x12  
  164  15:50  Zergling x4  
  164  15:55  Zergling x20  
  167  16:03  Zergling x10  
  169  16:06  Ravager x5  
  169  16:07  Zergling x6, Ravager  
  169  16:08  Baneling x20  
  169  16:09  Baneling  
  178  16:13  Drone x2  
  178  16:15  Zergling x10  
  178  16:16  Zergling x2  
  186  16:21  Baneling x12  
  186  16:27  Zergling x14  
  193  16:35  Zergling x10  
  193  16:36  Zergling x2  
Show
View Real Time Build Order
Export as new Build Order

PartinG Protoss 

Build Orders: 1 Gate Expand 

Get SALT Encoding   

  12  0:00  Probe  
  13  0:12  Probe  
  14  0:19  Pylon  
  14  0:24  Probe  
  15  0:29  Assimilator  
  15  0:38  Probe (Chrono Boost)  
  16  0:44  Gateway  
  16  0:49  Probe (Chrono Boost)  
  17  0:54  Probe (Chrono Boost)  
  18  1:04  Probe  
  19  1:16  Probe  
  20  1:26  Nexus  
  20  1:35  Cybernetics Core  
  20  1:39  Probe (Chrono Boost)  
  21  1:48  Pylon, Probe (Chrono Boost)  
  21  1:53  Probe (Chrono Boost)  
  23  2:06  Probe  
  24  2:09  Stalker (Chrono Boost)  
  24  2:12  Warp Gate  
  26  2:18  Robotics Facility  
  26  2:20  Probe  
  27  2:32  Adept  
  27  2:33  Probe (Chrono Boost)  
  27  2:36  Assimilator  
  30  2:39  Probe (Chrono Boost)  
  30  2:40  Assimilator  
  31  2:50  Probe (Chrono Boost)  
  33  2:52  Probe (Chrono Boost)  
  33  2:56  Probe (Chrono Boost)  
  34  2:59  Probe  
  34  3:02  Gateway  
  35  3:08  Observer  
  35  3:09  Probe (Chrono Boost)  
  38  3:15  Probe (Chrono Boost)  
  39  3:21  Probe (Chrono Boost)  
  40  3:27  Pylon, Probe x2 (Chrono Boost)  
  40  3:28  Robotics Bay  
  41  3:35  Probe  
  41  3:36  Probe, Warp Prism (Chrono Boost)  
  45  3:47  Probe  
  45  3:48  Pylon, Probe  
  47  4:02  Sentry x2  
  51  4:04  Probe x2  
  51  4:08  Gateway  
  53  4:10  Gateway  
  53  4:17  Disruptor (Chrono Boost)  
  53  4:24  Pylon  
  56  4:27  Pylon  
  56  4:28  Sentry x2  
  60  4:41  Pylon  
  59  4:48  Immortal (Chrono Boost)  
  63  4:53  Zealot x2  
  67  5:05  Sentry  
  67  5:06  Pylon  
  69  5:10  Pylon  
  69  5:11  Zealot  
  71  5:16  Nexus  
  71  5:18  Twilight Council  
  71  5:19  Assimilator  
  71  5:20  Probe x2  
  73  5:29  Stalker x2  
  73  5:33  Shield Battery  
  73  5:35  Disruptor (Chrono Boost)  
  77  5:36  Forge  
  80  5:43  Probe x2  
  82  5:54  Stalker x2  
  82  5:55  Stalker  
  88  5:58  Probe x2  
  90  6:12  Probe x2  
  90  6:16  Stalker  
  90  6:17  Stalker  
  96  6:24  Blink (Chrono Boost)  
  96  6:25  Gateway, Protoss Ground Weapons Level 1  
  96  6:26  Gateway  
  96  6:30  Photon Cannon  
  96  6:35  Sentry x2  
  96  6:39  Photon Cannon  
  100  6:52  Photon Cannon  
  100  6:53  Shield Battery, Probe  
  100  6:54  Probe  
  102  6:55  Photon Cannon  
  102  7:01  Probe  
  102  7:04  Observer  
  102  7:06  Probe x2  
  106  7:15  Stalker  
  106  7:16  Stalker x3  
  114  7:23  Probe x3  
  117  7:32  Pylon  
  117  7:33  Pylon  
  117  7:34  Pylon  
  115  7:43  Stalker x2  
  116  7:49  Pylon, Probe x2  
  116  7:50  Pylon  
  117  7:55  Stalker x3  
  123  7:59  Probe  
  124  8:07  Gateway  
  124  8:13  Gateway  
  124  8:24  Stalker x5  
  124  8:25  Stalker  
  124  8:26  Probe  
  137  8:29  Probe  
  137  8:34  Assimilator  
  138  8:38  Probe  
  139  8:51  Pylon x2  
  139  8:55  Stalker x4  
  143  8:56  Assimilator  
  147  9:02  Stalker  
  147  9:03  Stalker  
  147  9:04  Probe x2  
  147  9:06  Protoss Ground Weapons Level 2 (Chrono Boost)  
  147  9:09  Extended Thermal Lance (Chrono Boost)  
  153  9:25  Pylon  
  153  9:26  Pylon  
  153  9:27  Probe x3  
  153  9:31  Colossus (Chrono Boost)  
  162  9:42  Robotics Facility  
  162  9:46  Probe x3  
  162  9:48  Photon Cannon  
  162  9:50  Photon Cannon  
  165  10:04  Pylon  
  165  10:06  Pylon  
  165  10:09  Colossus (Chrono Boost)  
  171  10:22  Templar Archives  
  171  10:26  Pylon  
  171  10:32  Nexus  
  171  10:36  Pylon  
  171  10:37  Stalker x4  
  171  10:41  Shield Battery  
  179  10:52  Pylon  
  179  10:53  Pylon  
  179  10:54  Pylon  
  179  10:58  Photon Cannon  
  179  11:00  Photon Cannon  
  179  11:10  Immortal (Chrono Boost)  
  181  11:12  Shield Battery  
  181  11:13  Shield Battery  
  181  11:15  Protoss Ground Weapons Level 3 (Chrono Boost)  
  181  11:17  Immortal (Chrono Boost), Shield Battery  
  183  11:37  Zealot x3  
  183  11:38  Zealot x3  
  195  11:44  Immortal (Chrono Boost)  
  174  11:53  Immortal (Chrono Boost)  
  178  11:54  Probe x3  
  185  12:03  High Templar  
  185  12:04  High Templar x5  
  185  12:07  Archon  
  185  12:08  Archon x2  
  197  12:12  Photon Cannon  
  197  12:16  Photon Cannon  
  197  12:24  Charge  
  197  12:25  Gateway  
  197  12:27  Gateway  
  197  12:28  Psionic Storm  
  197  12:30  Gateway  
  197  12:31  Assimilator  
  197  12:32  Assimilator  
  191  12:43  Stalker x3  
  197  12:49  Observer  
  196  12:55  High Templar x2  
  200  13:00  Photon Cannon  
  200  13:01  Photon Cannon  
  200  13:02  Shield Battery  
  198  13:06  Archon  
  166  13:16  Zealot x3  
  166  13:17  Zealot x3  
  141  13:25  Stalker  
  143  13:37  Colossus (Chrono Boost)  
  143  13:39  High Templar x3  
  143  13:40  High Templar  
  143  13:41  Probe (Chrono Boost), High Templar x2  
  155  13:44  Archon x2  
  155  13:47  Archon  
  156  13:51  Probe (Chrono Boost)  
  156  13:52  Colossus (Chrono Boost)  
  156  13:55  Stalker x3  
  169  13:57  Pylon  
  169  14:02  Colossus (Chrono Boost)  
  169  14:09  Archon  
  171  14:23  Zealot x2  
  171  14:24  Zealot x5  
  147  14:30  Zealot x2  
  125  14:45  High Templar x4  
  133  14:46  High Templar x2, Zealot  
  133  14:48  Zealot x2  
  133  14:50  Archon  
  133  14:51  Archon x2  
  142  14:52  Probe (Chrono Boost)  
  142  14:57  Immortal (Chrono Boost)  
  142  14:59  Immortal (Chrono Boost), Probe x3 (Chrono Boost)  
  153  15:02  Probe (Chrono Boost)  
  153  15:03  Zealot x2  
  132  15:21  Stalker x7  
  124  15:27  Stalker  
  124  15:28  Stalker  
  115  15:44  Stalker x4  
  115  15:49  Observer  
  109  15:52  Stalker x3  
  101  16:01  Stalker x2  
  103  16:11  High Templar x2  
  103  16:12  High Templar x2  
  110  16:26  Stalker x5  
  110  16:27  Pylon  
  120  16:34  Archon  
  120  16:35  Archon  
  105  16:41  Stalker x2  
Tags
 
Add a new tag
Caveats
  • Supply blocks, unpowered buildings, or Contaminate may cause inaccurate times.
  • Supply counts are checked every 10 seconds.